 Dungeon Crawl Stone Soup version 0.23.1-37-gaa34b87b72 (webtiles) character file.

Game seed: 1486785838030455169

220 GGGomer the Skirmisher (level 5, 0/50 HPs)
             Began as a Hill Orc Fighter on Mar 20, 2019.
             Was an Initiate of Okawaru.
             Slain by a hippogriff (3 damage)
             ... on level 1 of the Dungeon.
             The game lasted 00:12:43 (3212 turns).

GGGomer the Skirmisher (Hill Orc Fighter)           Turns: 3212, Time: 00:12:44

Health: 0/50       AC:  9    Str: 20    XL:     5   Next: 97%
Magic:  7/7        EV:  9    Int:  8    God:    Okawaru [......]
Gold:   105        SH: 10    Dex: 13    Spells: 7/7 levels left

rFire    . . .     SeeInvis .   s - -2 mace (curse)
rCold    . . .     Gourm    +   c - +0 shield
rNeg     . . .     Faith    .   b - +0 scale mail
rPois    .         Spirit   .   i - +0 helmet
rElec    .         Reflect  .   r - +0 cloak
rCorr    .         Harm     .   (no gloves)
MR       .....                  (no boots)
Stlth    +.........             o - amulet of the gourmand
HPRegen  0.16/turn              l - +3 ring of dexterity
MPRegen  0.10/turn              (no ring)

@: no status effects
A: no striking features
a: Renounce Religion


You were on level 1 of the Dungeon.
You worshipped Okawaru.
Okawaru was noncommittal.
You were not hungry.

You visited 1 branch of the dungeon, and saw 3 of its levels.

You collected 105 gold pieces.

Inventory:

Hand Weapons
 a - a +0 war axe
 q - a +2 quarterstaff of chaos
 s - a cursed -2 mace (weapon)
 t - a +0 spear
 u - a +0 mace
 v - a +0 falchion
 w - a +0 dagger
Missiles
 n - 149 stones (quivered)
 x - 22 arrows
Armour
 b - a +0 scale mail (worn)
 c - a +0 shield (worn)
 i - a +0 helmet (worn)
 r - a +0 cloak (worn)
Jewellery
 l - a +3 ring of dexterity (left hand)
 o - an amulet of the gourmand (around neck)
Scrolls
 j - 4 scrolls of identify
 k - a scroll of amnesia
Potions
 d - a potion of might
 g - a potion of haste {unknown}
 h - 5 potions of curing {unknown}
 m - 2 potions of ambrosia {unknown}
 p - a potion of mutation {unknown}
 z - a potion of berserk rage {unknown}
Comestibles
 f - 2 rations


   Skills:
 + Level 5.7 Fighting
 + Level 2.5(3.1) Short Blades
 + Level 2.9(3.5) Long Blades
 + Level 5.6(6.5) Axes
 + Level 2.9(4.6) Maces & Flails
 + Level 2.6(4.4) Polearms
 + Level 2.1(3.1) Staves
 + Level 2.1 Throwing
 + Level 4.7 Armour
 + Level 2.3 Dodging
 + Level 2.6 Stealth
 + Level 5.0 Shields
 + Level 3.5 Unarmed Combat
 + Level 1.7 Spellcasting
 + Level 3.2 Invocations


You had 7 spell levels left.
You didn't know any spells.
Your spell library was empty.

Dungeon Overview and Level Annotations

Branches:
Dungeon (3/15)

Altars:
Elyvilon
Okawaru


Message History

There is a stone staircase leading down here.
The hippogriff bites you but does no damage.
The hippogriff barely misses you.
The hippogriff claws you but does no damage.
There is a stone staircase leading up here.
The hippogriff bites you!
* * * LOW HITPOINT WARNING * * *
You block the hippogriff's attack. The hippogriff claws you.
* * * LOW HITPOINT WARNING * * *
You climb upwards.
There is a stone staircase leading down here.
You block the hippogriff's attack. The hippogriff pecks you.
* * * LOW HITPOINT WARNING * * *
The hippogriff claws you but does no damage.
There is an open door here.
There is an open door here.
The hippogriff bites you.
* * * LOW HITPOINT WARNING * * *
The hippogriff pecks you.
You die...

#...# #)...## #. #...# #####
#.###### #. #...# #...#
#......###### #. #####...# #.8.#
#...)#......# #. #.....### #.).#
####.#......# #. ......# ###'###
#........# #.
#.....#####.....#####........# #.
###.#.#...#)....#...#........# #.
#.#.#.<.'..8..@.8.#...###### #.
#.#.#...#....H#...##.## #.
#.#.#####.....######.# #.
###.#########'#######..# ##
....).....###.####....>##
####.#.............##...##
#......#####.#.###.#.....########
#.##......##.#.###.#.............
...#.#.##........#.#.....########


You could see a hippogriff.

Vanquished Creatures
  Crazy Yiuf (D:2)
  Jessica (D:3)
  3 adders (D:2)
  2 dart slugs (D:1)
  A leopard gecko (D:2)
  7 hobgoblins
  14 kobolds
  2 bats
  3 frilled lizards
  4 goblins
  5 rats
43 creatures vanquished.

Notes
Turn   | Place    | Note
-------+----------+-------------------------------------------
     0 | D:1      | GGGomer the Hill Orc Fighter began the quest for the Orb.
     0 | D:1      | Reached XP level 1. HP: 19/19 MP: 1/1
   457 | D:1      | Reached XP level 2. HP: 27/27 MP: 2/2
   786 | D:1      | Reached XP level 3. HP: 33/33 MP: 3/3
  1810 | D:2      | Reached XP level 4. HP: 35/41 MP: 4/4
  2040 | D:2      | Found an iron altar of Okawaru.
  2139 | D:2      | Found a runed translucent door.
  2140 | D:2      | Noticed Crazy Yiuf
  2387 | D:2      | Killed Crazy Yiuf
  2614 | D:2      | Became a worshipper of Warmaster Okawaru
  3024 | D:3      | Noticed a hippogriff
  3053 | D:3      | Reached skill level 5 in Fighting
  3053 | D:3      | Reached skill level 5 in Axes
  3053 | D:3      | Reached skill level 5 in Shields
  3053 | D:3      | Reached skill level 1 in Spellcasting
  3053 | D:3      | Reached XP level 5. HP: 19/50 MP: 4/7
  3065 | D:3      | Found a white marble altar of Elyvilon.
  3071 | D:3      | Noticed Jessica
  3076 | D:3      | Killed Jessica
  3212 | D:1      | Slain by a hippogriff

Skill      XL: |  1  2  3  4 |
---------------+-------------+-----
Fighting       | 4 5 |  5.7
Axes           | 3 5 |  5.6
Shields        | 5 |  5.0
Short Blades   | 2 |  2.5
Long Blades    | 2 |  2.9
Maces & Flails | 2 |  2.9
Polearms       | 2 |  2.6
Staves         | 2 |  2.1
Throwing       | 2 |  2.1
Armour         | 4 |  4.7
Dodging        | 2 |  2.3
Stealth        | 2 |  2.6
Unarmed Combat | 3 |  3.5
Spellcasting   | 1 |  1.7
Invocations    | 3 |  3.2

Action                   |  1- 3 |  4- 6 || total
-------------------------+-------+-------++-------
Melee: War axe           |   122 |    30 ||   152
       Mace              |       |    43 ||    43
  Use: Scroll            |       |     2 ||     2
       Potion            |       |     2 ||     2
  Eat: Ration            |     1 |     1 ||     2
       Chunk             |       |     3 ||     3
Armor: Scale mail        |    79 |    46 ||   125
Dodge: Dodged            |    43 |    23 ||    66
Block: Shield            |    62 |    51 ||   113
